 Dungeon Crawl Stone Soup version 0.22-a0-567-gff9aefc (webtiles) character file.

125 vierth the Covered (level 4, -1/40 HPs)
             Began as a Minotaur Fighter on June 29, 2018.
             Succumbed to a goblin's poison
             ... on level 3 of the Dungeon.
             The game lasted 00:03:56 (1762 turns).

vierth the Covered (Minotaur Fighter)               Turns: 1762, Time: 00:03:57

Health: -1/40      AC:  8    Str: 21    XL:     4   Next: 82%
Magic:  3/3        EV:  7    Int:  5    God:
Gold:   123        SH:  9    Dex: 10    Spells: 3/3 levels left

rFire    . . .     SeeInvis .   a - +0 war axe
rCold    . . .     Gourm    .   c - +0 shield
rNeg     . . .     Faith    .   b - +0 scale mail
rPois    .         Spirit   .   (helmet restricted)
rElec    .         Reflect  .   (no cloak)
rCorr    .         Harm     .   h - +0 pair of gloves
MR       .....                  (no boots)
Stlth    ..........             (no amulet)
HPRegen  0.13/turn              (no ring)
MPRegen  0.08/turn              (no ring)

@: lethally poisoned (-1 -> -18)
A: retaliatory headbutt, horns 2
a: no special abilities


You were on level 3 of the Dungeon.
You were not hungry.

You visited 1 branch of the dungeon, and saw 3 of its levels.

You collected 123 gold pieces.

Inventory:

Hand Weapons
 a - a +0 war axe (weapon)
Armour
 b - a +0 scale mail (worn)
 c - a +0 shield (worn)
 h - a +0 pair of gloves (worn)
Jewellery
 e - a +5 ring of intelligence {unknown}
Scrolls
 j - a scroll of remove curse {unknown}
Potions
 d - a potion of might
 g - a potion of brilliance
 i - a potion of berserk rage {unknown}
 k - 2 potions of flight {unknown}
Comestibles
 f - 7 rations


   Skills:
 + Level 4.2 Fighting
 * Level 4.0 Axes
 * Level 4.9 Armour
 + Level 4.3 Shields


You had 3 spell levels left.
You didn't know any spells.
Your spell library was empty.

Dungeon Overview and Level Annotations

Branches:
Dungeon (3/15)

Altars:
Ru


Innate Abilities, Weirdness & Mutations

You reflexively headbutt those who attack you in melee.
You have a pair of horns on your head.


Message History

You slash the orc!
You kill the orc!
* * * LOW HITPOINT WARNING * * *
You feel very sick.
* * * LOW HITPOINT WARNING * * *
You feel sick.
Things that are here:
a dagger; a kobold corpse
* * * LOW HITPOINT WARNING * * *
You feel sick.
* * * LOW HITPOINT WARNING * * *
You feel sick.
* * * LOW HITPOINT WARNING * * *
You feel sick.
* * * LOW HITPOINT WARNING * * *
You feel sick.
* * * LOW HITPOINT WARNING * * *
You feel sick.
Found a stone staircase leading down.
You die...

#####
###########...#####
.>.....@...g.......
..#########.#.###..
##.....))#.###..
#........)..g...
##.........####..
......†...........
.........######...
##...##'## #.. #...
#≈≈♣#


P'. You could see a hobgoblin.

Vanquished Creatures
  5 adders
  An ooze (D:1)
  3 worms
  2 dart slugs
  A leopard gecko (D:2)
  5 orcs (D:3)
  A ball python (D:1)
  3 giant cockroaches
  7 hobgoblins
  9 bats
  3 frilled lizards
  5 goblins
  9 kobolds
  6 rats
60 creatures vanquished.

Notes
Turn   | Place    | Note
-------+----------+-------------------------------------------
     0 | D:1      | vierth the Minotaur Fighter began the quest for the Orb.
     0 | D:1      | Reached XP level 1. HP: 19/19 MP: 0/0
   130 | D:1      | Reached XP level 2. HP: 24/27 MP: 1/1
   412 | D:1      | Reached XP level 3. HP: 33/33 MP: 2/2
   883 | D:2      | Found a sacrificial altar of Ru.
  1298 | D:3      | Reached XP level 4. HP: 40/40 MP: 3/3
  1760 | D:3      | HP: 2/40 [poisoned by a goblin]
  1762 | D:3      | Succumbed to a goblin's poison

Vault maps used:
D:1:      grunt_arrival_lava_bath
D:2:      cheibrodos_old_hovel, lemuel_coloured_pillars_altar
D:3:      saegor_snake_ambush, uniq_grinder

Skill      XL: |  1  2  3  4 |
---------------+-------------+-----
Armour         | 4 |  4.9
Axes           | 3 4 |  4.0
Fighting       | 4 |  4.2
Shields        | 4 |  4.3

Action                   |  1- 3 |  4- 6 || total
-------------------------+-------+-------++-------
Melee: War axe           |   108 |    43 ||   151
       Headbutt          |    11 |     8 ||    19
  Use: Scroll            |     2 |       ||     2
  Eat: Ration            |     1 |       ||     1
Armor: Scale mail        |    48 |    17 ||    65
Dodge: Dodged            |    38 |    14 ||    52
Block: Shield            |    56 |    32 ||    88

Table legend:
 A = Spawn XP
 B = Non-spawn XP
 C = Spawn XP percentage of total XP
 D = Spawn monster count
 E = Non-spawn monster count
 F = Spawn count percentage of total count
 G = Total turns spent on level
                    A         B        C        D         E        F      G
               +---------+---------+-------+---------+---------+-------+---------
         Total |       0 |     179 |   0.0 |       0 |      60 |   0.0 |  1762
               +---------+---------+-------+---------+---------+-------+---------
           D:1 |       0 |      41 |   0.0 |       0 |      24 |   0.0 |   468
           D:2 |       0 |      50 |   0.0 |       0 |      17 |   0.0 |   822
           D:3 |       0 |      88 |   0.0 |       0 |      19 |   0.0 |   472
               +---------+---------+-------+---------+---------+-------+---------
